 Dungeon Crawl Stone Soup version 0.32-a0-519-g08f29ac1c3 (webtiles) character file.

Game seed: 8061004263044166177

93 senseless the Vexing (level 4, -3/33 HPs)
             Began as a Coglin Hexslinger on Feb 28, 2024.
             Slain by Grinder (5 damage)
             ... on level 3 of the Dungeon.
             The game lasted 00:03:21 (1731 turns).

senseless the Vexing (Coglin Hexslinger)            Turns: 1731, Time: 00:03:22

Health: -3/33      AC:  2    Str:  7 (8)  XL:     4   Next: 62%
Magic:  6/6        EV: 13    Int:  9 (12) God:
Gold:   114        SH:  0    Dex: 18 (19) Spells: 6/6 levels left

rFire   . . .        a - +1 sling {Jinae}
rCold   . . .        i - orb {light}
rNeg    . . .        c - +0 robe
rPois   .            (no helmet)
rElec   .            (no cloak)
rCorr   .            (no gloves)
SInv    .            (no boots)
Will    .....        (no amulet)
Stlth   +            (ring unavailable)
HPRegen 0.25/turn    (ring unavailable)
MPRegen 0.10/turn

%: no passive effects
@: glowing, revved
A: off-hand wielding, slow wielding, warmup strikes, no rings
a: no special abilities


You were on level 3 of the Dungeon.
You visited 1 branch of the dungeon, and saw 3 of its levels.

You collected 114 gold pieces.

Inventory:

Hand Weapons
 a - a +1 sling (weapon) {Jinae}
Armour
 c - a +0 robe (worn)
 i - an orb of light (worn)
Scrolls
 b - a scroll of poison
 d - 3 scrolls of identify {unknown}
 e - 2 scrolls of revelation {unknown}
 f - a scroll of brand weapon {unknown}
 h - 2 scrolls of teleportation {unknown}
 k - a scroll of vulnerability {unknown}
Potions
 g - 3 potions of degeneration


   Skills:
 + Level 2.0 Fighting
 + Level 2.4 Ranged Weapons
 + Level 2.4 Dodging
 + Level 1.7 Spellcasting
 + Level 3.2 Hexes
 - Level 0.8 Fire Magic


You had 6 spell levels left.
You didn't know any spells.
Your spell library contained the following spells:

 Spells                   Type           Power      Damage    Failure   Level
 Jinxbite                 Hex            12%        N/A       14%         2
 Sigil of Binding         Hex            6%         N/A       28%         3
 Inner Flame              Hex/Fire       4%         N/A       41%         3
 Cause Fear               Hex            3%         N/A       67%         4
 Dimensional Bullseye     Hex/Tloc       1%         N/A       87%         4


Dungeon Overview and Level Annotations

Branches:
Dungeon (3/15)

Altars:

Annotations:
D:3 1 runed translucent door, Crazy Yiuf, Grinder


Innate Abilities, Weirdness & Mutations

You can wield a second weapon in your off-hand.
It takes a long time for you to wield or remove held weapons.
Your first few attacks do less damage.
Your grasper-arms cannot wear rings.


Message History

Grinder gestures at you. Pain shoots through your body!
* * * LOW HITPOINT WARNING * * *
It was a potion of heal wounds.
You feel much better. Grinder barely misses you.
You shoot a sling bullet.
The sling bullet hits Grinder but does no damage.
Grinder is lightly wounded.
Grinder hits you.
You shoot a sling bullet. The sling bullet hits Grinder.
Grinder is lightly wounded.
Grinder completely misses you.
You shoot a sling bullet. The sling bullet hits Grinder.
Grinder is lightly wounded.
Grinder hits you.
You writhe in agony.
You shoot a sling bullet. The sling bullet hits Grinder.
Grinder is moderately wounded.
Grinder blinks!
You shoot a sling bullet. The sling bullet hits Grinder!
Grinder is heavily wounded.
Grinder blinks!
You shoot a sling bullet. The sling bullet hits Grinder.
Grinder is heavily wounded.
Grinder hits you!
You writhe in agony.
* * * LOW HITPOINT WARNING * * *
You are too injured to fight recklessly!
You are too injured to fight recklessly!
You are too injured to fight recklessly!
You shoot a sling bullet. The sling bullet barely misses Grinder.
Grinder blinks!
You shoot a sling bullet. The sling bullet hits Grinder.
Grinder is severely wounded.
Grinder misses you. x2
You shoot a sling bullet. The sling bullet hits Grinder.
Grinder is severely wounded.
Grinder hits you.
* * * LOW HITPOINT WARNING * * *
You writhe in agony.
You die...
Grinder says, "Hey, I wasn't done torturing you yet!"

.....................#####<....
..[.......#####.###............
..............#.....P..P.......
.........#.#..+......♣♣P..###..
.♣♣..........##..PP♣♣♣P.......
♣.......... ##..♣♣♣♣♣P......
...#...###...PPP♣.......
.........'...PPP........
.......@##..............
..#.#.?5##.<.......P.P♣P
.......##..........P.♣.
##########..........♣♣♣P
######.###...P♣ #.....P...
##.†....†# #...♣PP.# #..♣♣♣P..


You could see Grinder.

Vanquished Creatures
  An orc priest (D:3)
  An adder (D:2)
  A dart slug (D:1)
  3 orcs (D:3)
  7 ball pythons
  3 endoplasms (D:1)
  3 giant cockroaches
  7 hobgoblins
  4 jackals (D:3)
  4 kobolds
  2 quokkas (D:1)
  4 bats
  3 frilled lizards
  2 goblins
  A rat (D:2)
46 creatures vanquished.

Notes
Turn   | Place    | Note
-------+----------+-------------------------------------------
     0 | D:1      | senseless the Coglin Hexslinger began the quest for the
                  | Orb.
     0 | D:1      | Reached XP level 1. HP: 15/15 MP: 2/2
   114 | D:1      | Reached XP level 2. HP: 9/21 MP: 3/3
   586 | D:2      | Reached XP level 3. HP: 26/26 MP: 4/4
   657 | D:2      | Reached skill level 3 in Hexes
  1349 | D:3      | Reached XP level 4. HP: 17/33 MP: 6/6
  1674 | D:3      | Found a runed translucent door.
  1675 | D:3      | Noticed Crazy Yiuf
  1712 | D:3      | Noticed Grinder
  1712 | D:3      | Paralysed by Grinder for 3 turns
  1731 | D:3      | Slain by Grinder

Illustrated notes

Levels and vault maps discovered:
D:1:      co_arrival_square_in_a_square_in_a_square, layout_basic,
          serial_park_tiny_2
D:2:      layout_loops_ring
D:3:      layout_basic, serial_forest, infiniplex_forest_lined_corner,
          infiniplex_forest_clump_medium, infiniplex_forest_clump_double,
          infiniplex_forest_clump_C, infiniplex_forest_corner_1,
          infiniplex_forest_diagonal, st_stairs_7, minmay_misc_feat_five,
          glass_columns_a, uniq_grinder, uniq_crazy_yiuf_cottage

Skill      XL: |  1  2  3 |
---------------+----------+-----
Ranged Weapons | 2 |  2.4
Dodging        | 2 |  2.4
Hexes          | 3 |  3.2
Fighting       | 2 |  2.0
Spellcasting   | |  1.7
Fire Magic     | |  0.8

Action                     |  1- 3 |  4- 6 || total
---------------------------+-------+-------++-------
   Fire: Sling             |   104 |    39 ||   143
    Use: Potion            |       |     2 ||     2
 Armour: Robe              |    18 |    18 ||    36
  Dodge: Dodged            |    27 |    19 ||    46

Table legend: (Time is in decaauts)
 A = Elapsed time spent in this place.
 B = Non-inter-level travel time spent in this place.
 C = Inter-level travel time spent in this place.
 D = Time resting spent in this place.
 E = Time spent auto-exploring this place.
 F = Levels seen in this place.
 G = Mean time per level.
                   A        B        C        D        E       F      G
               +--------+--------+--------+--------+--------+-----+--------+
         Total |   1772 |   1695 |     77 |      0 |   1429 |   3 |  590.7 |
       Dungeon |   1772 |   1695 |     77 |      0 |   1429 |   3 |  590.7 |
               +--------+--------+--------+--------+--------+-----+--------+

Top non-repeatable levels by time:
     D:2: 726 daAuts
     D:1: 594 daAuts
     D:3: 450 daAuts
